 Dungeon Crawl Stone Soup version 0.27-a0-1256-gced786f65e (webtiles) character file.

Game seed: 9479516405284978973

248 avis the Chopper (level 6, -19/56 HPs)
             Began as a Hill Orc Monk on June 11, 2021.
             Demolished by an ogre
             ... wielding a +0 giant club
              (27 damage)
             ... on level 4 of the Dungeon.
             The game lasted 00:14:28 (2806 turns).

avis the Chopper (Hill Orc Monk)                    Turns: 2806, Time: 00:14:28

Health: -19/56     AC: 11    Str: 16    XL:     6   Next: 12%
Magic:  6/6        EV:  9    Int: 10    God:
Gold:   68         SH:  0    Dex: 13    Spells: 5/5 levels left

rFire    + . .     SeeInvis .   a - +1 hand axe
rCold    . . .     Faith    .   (no shield)
rNeg     . . .     Spirit   .   v - +0 plate armour
rPois    .         Reflect  .   (no helmet)
rElec    .         Harm     .   (no cloak)
rCorr    .         Rampage  .   (no gloves)
Will     .....                  (no boots)
Stlth    ..........             (no amulet)
HPRegen  0.18/turn              h - +4 ring of evasion
MPRegen  0.10/turn              e - ring of False Pretenses {rF+ Slay+3 Stlth+}

@: no status effects
A: no striking features
a: no special abilities


You were on level 4 of the Dungeon.
You visited 1 branch of the dungeon, and saw 4 of its levels.

You collected 107 gold pieces.
You spent 39 gold pieces at shops.

Inventory:

Hand Weapons
 a - a +1 hand axe (weapon)
 i - a +0 hunting sling
 s - a +2 dagger of protection
 t - a +0 halberd
 u - a +0 halberd
 y - a +0 trident of freezing
Missiles
 c - 159 stones
 d - 4 boomerangs (quivered)
 g - 25 bolts
 o - 27 sling bullets
 x - 6 curare-tipped darts
Armour
 b - a +0 robe
 p - a scarf of harm
 v - a +0 plate armour (worn)
 w - a +0 chain mail
Jewellery
 e - the ring of False Pretenses (right hand) {rF+ Slay+3 Stlth+}
   (You acquired it on level 1 of the Dungeon)

   [ring of protection from fire]

   It affects your accuracy and damage with ranged weapons and melee attacks
   (+3).
   It protects you from fire.
   It makes you more stealthy.
 h - a +4 ring of evasion (left hand)
 l - the ring "Duept" {Drain +Blink rN+ rCorr Stlth+}
   (You acquired it on level 1 of the Dungeon)

   [ring of positive energy]

   It protects you from negative energy.
   It lets you blink.
   It protects you from acid and corrosion.
   It drains your maximum health when unequipped.
   It makes you more stealthy.
Scrolls
 n - a scroll of amnesia {unknown}
 r - a scroll of fear
Potions
 f - a potion of lignification {unknown}
 j - a potion of curing
 k - a potion of invisibility {unknown}
 m - 2 potions of berserk rage
 q - a potion of magic {unknown}


   Skills:
 + Level 5.0 Fighting
 * Level 6.8 Axes
 + Level 2.9 Armour
 - Level 2.4 Dodging
 - Level 1.5 Stealth


You had 5 spell levels left.
You didn't know any spells.
Your spell library contained the following spells:

 Spells                   Type           Power      Damage    Failure   Level
 Corona                   Hex            0%         N/A       100%        1
 Ensorcelled Hibernation  Hex/Ice        0%         N/A       100%        2
 Confusing Touch          Hex            0%         N/A       100%        3
 Dazzling Flash           Conj/Hex       0%         N/A       100%        3
 Tukima's Dance           Hex            0%         N/A       100%        3


Dungeon Overview and Level Annotations

Branches:
Dungeon (4/15)
 Temple: D:4-7

Altars:
Uskayaw
Vehumet

Shops:
D:2 !


Message History

The orc shouts!
You slash something!
An orc wizard comes into view. It is wielding a +0 dagger.
Something hits you but does no damage.
You slash something!
Reactivating autopickup.
You feel a bit more experienced.
Your Fighting skill increases to level 5!
You hit the ogre.
The ogre is lightly wounded.
The ogre barely misses you.
You closely miss the ogre.
The ogre is lightly wounded.
You hit the ogre.
The ogre is moderately wounded.
The ogre hits you with a +0 giant club!!
You hit the ogre.
The ogre is heavily wounded.
The ogre closely misses you.
You barely miss the ogre.
The ogre is heavily wounded.
The ogre barely misses you.
You hit the ogre.
The ogre is heavily wounded.
Your plate armour prevents you from hitting the ogre.
The ogre is heavily wounded.
The ogre hits you with a +0 giant club!
* * * LOW HITPOINT WARNING * * *
You hit the ogre.
The ogre is severely wounded.
The orc wizard mumbles some strange words.
The orc wizard flickers and vanishes!
Deactivating autopickup; reactivate with Ctrl-A.
The ogre hits you with a +0 giant club!
* * * LOW HITPOINT WARNING * * *
You barely miss the ogre.
The ogre is severely wounded.
An orc comes into view. It is wielding a +0 dagger.
The ogre hits you with a +0 giant club!!
You die...

o...... ...)...#### #.#
...... ..........# #.#
####..... ........O.# #.#
#..+..... ......o...# #.#
#.##..... ..........# #.#
#.##..... ###+###...# #.#
#.##.....
..##.o)####.#######.##.....
#...'...o{O@).........'.....
#...#....###.........##.....
...#.#....#
#.##########<.... ## #
#...## #.# ###### ..#### #.#
##. #.# #. #.. ...


You could see an ogre and 2 orcs.

Vanquished Creatures
  A scorpion (D:3)
  A water moccasin skeleton (D:4)
  An orc wizard (D:4)
  4 gnolls
  An adder (D:2)
  9 orcs
  2 endoplasms
  4 giant cockroaches
  10 goblins
  7 hobgoblins
  3 quokkas
  5 ball pythons
  4 bats
  5 frilled lizards
  A kobold (D:1)
  4 rats
62 creatures vanquished.

Vanquished Creatures (others)
  17 plants (D:2)
17 creatures vanquished.

Grand Total: 79 creatures vanquished

Notes
Turn   | Place    | Note
-------+----------+-------------------------------------------
     0 | D:1      | avis the Hill Orc Monk began the quest for the Orb.
     0 | D:1      | Reached XP level 1. HP: 19/19 MP: 1/1
   366 | D:1      | Found a faded altar of an unknown god.
   409 | D:1      | Reached XP level 2. HP: 27/27 MP: 2/2
   817 | D:1      | Identified 2 scrolls of acquirement
   817 | D:1      | Acquired the ring "Duept" {Drain +Blink rN+ rCorr Stlth+}
   820 | D:1      | Acquired the ring of False Pretenses {rF+ Slay+3 Stlth+}
   841 | D:2      | Found Puntoef's Distillery.
   850 | D:2      | Found a hide-covered altar of Uskayaw.
   867 | D:2      | Reached skill level 1 in Armour
   882 | D:2      | Bought a potion of curing for 39 gold pieces
   990 | D:2      | Reached XP level 3. HP: 27/30 MP: 3/3
  1038 | D:2      | Reached skill level 5 in Axes
  1688 | D:3      | Noticed a scorpion
  1700 | D:3      | Killed a scorpion
  1701 | D:3      | Reached XP level 4. HP: 41/41 MP: 4/4
  1898 | D:2      | Reached XP level 5. HP: 47/47 MP: 5/5
  1914 | D:3      | Reached skill level 6 in Axes
  2068 | D:3      | Found a radiant altar of Vehumet.
  2780 | D:4      | Noticed an ogre
  2792 | D:4      | Reached XP level 6. HP: 52/55 MP: 6/6
  2798 | D:4      | Reached skill level 5 in Fighting
  2806 | D:4      | Demolished by an ogre

Illustrated notes

Levels and vault maps discovered:
D:1:      zelgadis_glass_arrival_small, layout_basic,
          hellmonk_ecumenical_altar_prayer_group
D:2:      layout_loops_ring, serial_shops, shop_statue, basic_altar,
          kennysheep_nub, wad_woods_river_04, minmay_domino_2
D:3:      layout_loops_ring, overflow_temple_1_default
D:4:      layout_basic, gammafunk_temple_overflow_pools

Skill      XL: |  1  2  3  4  5  6 |
---------------+-------------------+-----
Armour         | 1 2 |  2.9
Fighting       | 4 5 |  5.0
Axes           | 5 6 |  6.8
Dodging        | |  2.4
Stealth        | |  1.5

Action                   |  1- 3 |  4- 6 || total
-------------------------+-------+-------++-------
Melee: Hand axe          |    77 |    63 ||   140
Throw: Stone             |     4 |       ||     4
       Boomerang         |    44 |    42 ||    86
  Use: Scroll            |     4 |     1 ||     5
Armor: Robe              |     4 |     1 ||     5
       Plate armour      |       |    12 ||    12
Dodge: Dodged            |    19 |    34 ||    53

Table legend: (Time is in decaauts)
 A = Elapsed time spent in this place.
 B = Non-inter-level travel time spent in this place.
 C = Inter-level travel time spent in this place.
 D = Time resting spent in this place.
 E = Time spent auto-exploring this place.
 F = Levels seen in this place.
 G = Mean time per level.
                   A        B        C        D        E       F      G
               +--------+--------+--------+--------+--------+-----+--------+
         Total |   2856 |   2579 |    277 |    372 |   1527 |   4 |  714.0 |
       Dungeon |   2856 |   2579 |    277 |    372 |   1527 |   4 |  714.0 |
               +--------+--------+--------+--------+--------+-----+--------+

Top non-repeatable levels by time:
     D:3: 995 daAuts
     D:1: 863 daAuts
     D:2: 856 daAuts
     D:4: 140 daAuts
